 Dungeon Crawl Stone Soup version 0.26.0-10-g1f06aea511 (webtiles) character file.

Game seed: 18411623682211485327

156 inc the Vexing (level 5, 21/21 HPs)
             Began as a Felid Enchanter on Jan 29, 2021.
             Quit the game on level 4 of the Dungeon.
             The game lasted 00:07:31 (5812 turns).

inc the Vexing (Felid Enchanter)                    Turns: 5812, Time: 00:07:31

Health: 21/21      AC:  2    Str:  4    XL:     5   Next: 14%
Magic:  9/9        EV: 18    Int: 19    God:
Gold:   297        SH:  0    Dex: 16    Spells: 5/8 levels left
                                        Lives:  0   Deaths: 1

rFire    . . .     SeeInvis +     - Unarmed
rCold    . . .     Faith    .   (shield unavailable)
rNeg     . . .     Spirit   .   (armour unavailable)
rPois    .         Reflect  .   (helmet unavailable)
rElec    .         Harm     .   (cloak unavailable)
rCorr    .         Rampage  .   (gloves unavailable)
Will     .....                  (boots unavailable)
Stlth    ++++......             (no amulet)
HPRegen  0.07/turn              r - ring of stealth
MPRegen  0.11/turn              (no ring)

@: quick
A: very small, no armour, no weapons or thrown items, stealth, claws 1, fangs 3,
see invisible, speed 1, shaggy fur 2, sharp paws
a: no special abilities


You were on level 4 of the Dungeon.
You visited 2 branches of the dungeon, and saw 5 of its levels.

You collected 297 gold pieces.

Inventory:

Jewellery
 r - a ring of stealth (left paw)
Scrolls
 c - 3 scrolls of fear {unknown}
 d - 2 scrolls of enchant armour {unknown}
 f - 3 scrolls of teleportation {unknown}
 g - 7 scrolls of remove curse {unknown}
 i - 3 scrolls of identify {unknown}
 j - a scroll of enchant weapon {unknown}
 l - a scroll of fog {unknown}
 m - a scroll of noise {unknown}
 o - 2 scrolls of magic mapping {unknown}
 q - 2 scrolls of immolation {unknown}
Potions
 a - 3 potions of lignification {unknown}
 b - 4 potions of curing {unknown}
 e - a potion of cancellation {unknown}
 h - a potion of degeneration {unknown}
 k - a potion of might {unknown}
 n - a potion of haste {unknown}
 p - a potion of berserk rage {unknown}
 s - 2 potions of brilliance {unknown}
 t - a potion of attraction {unknown}


   Skills:
 - Level 2.6 Dodging
 - Level 4.0 Stealth
 - Level 4.0 Unarmed Combat
 - Level 2.0 Spellcasting
 + Level 6.5 Hexes
 + Level 2.7 Ice Magic


You had 5 spell levels left.
You knew the following spells:

 Your Spells              Type           Power        Failure   Level
a - Corona                Hex            28%          1%          1
b - Ensorcelled Hibernat  Hex/Ice        38%          3%          2

Your spell library contained the following spells:

 Spells                   Type           Power        Failure   Level
 Confusing Touch          Hex            26%          3%          3
 Tukima's Dance           Hex            26%          3%          3
 Dazzling Flash           Conj/Hex       28%          13%         3


Dungeon Overview and Level Annotations

Branches:
Dungeon (4/15)             Temple (1/1) D:4

Altars:
Ashenzari
Elyvilon
Fedhas
Hepliaklqana
Makhleb
Okawaru
Qazlal
Ru
Trog
Wu Jian
Yredelemnul
Zin
The Shining One
Lugonu

Annotations:
D:4 Pikel


Innate Abilities, Weirdness & Mutations

You cannot wear armour.
You are incapable of wielding weapons or throwing items.
Your paws allow you to move quietly. (Stealth)
You have sharp claws.
You have razor-sharp teeth.
You have supernaturally acute eyesight. (SInv)
You cover ground quickly.
You are covered in thick fur. (AC +2)
Your sharp claws are effective at attacking unaware monsters.


Message History

Confirm with . or Enter, or press ? or * to list all spells.
Aiming: Ensorcelled Hibernation (safe; 3% risk of failure)
Press: ? - help, Shift-Dir - straight line, f - Pikel
Aim: Pikel, wielding a +2 whip of electrocution and wearing a +0 robe (wandering, hasn't noticed you, chance to affect: 50%) Pikel shouts!
Pikel resists with some effort.
Pikel hits you but does no damage.
Casting: Ensorcelled Hibernation (safe; 3% risk of failure)
Confirm with . or Enter, or press ? or * to list all spells.
Aiming: Ensorcelled Hibernation (safe; 3% risk of failure)
Press: ? - help, Shift-Dir - straight line, f/p - Pikel
Aim: Pikel, wielding a +2 whip of electrocution and wearing a +0 robe (chance to affect: 50%) Pikel resists with some effort.
Pikel hits you with a +2 whip of electrocution.
You are electrocuted!!
Ouch! That really hurt!
You die...
The lemure hits you.
You are now level 5!
You rejoin the land of the living...
Are you sure you want to abandon this character and quit the game? (Confirm with "yes".)

#....####.......#
#..#...##.......#
#....#.#####.#####
#..#.............#
#######.......>........#
.....##..#.............#
####.##.............#..#
.....###....##...#..#..####.#
..##.#...#####..@...........#
#........#####.........######
####.#<........#.)..#...## ##
.....##.########.........###. #
#...###.# ##....#....#...
###.###.# #....#....##.####
♣♣#..##.##### ##..#.#.#..##.....
.♣##........# ##....###.........†
..♣#..#.###.###[.#...#...#......5


There were no monsters in sight!

Vanquished Creatures
  A scorpion (D:3)
  A hound (D:4)
  2 orc wizards (D:3)
  A worker ant (D:4)
  3 gnolls (D:4)
  3 adders
  2 worms
  5 leopard geckos
  12 orcs
  4 bats
  4 giant cockroaches
  2 goblins
  5 hobgoblins
  6 quokkas
  A ball python (D:2)
  4 frilled lizards
  12 kobolds
  7 rats
75 creatures vanquished.

Notes
Turn   | Place    | Note
-------+----------+-------------------------------------------
     0 | D:1      | inc the Felid Enchanter began the quest for the Orb.
     0 | D:1      | Reached XP level 1. HP: 7/7 MP: 4/4
   426 | D:1      | Reached XP level 2. HP: 11/11 MP: 6/6
  1053 | D:2      | Found a blossoming altar of Fedhas.
  1057 | D:2      | Found a bloodstained altar of Trog.
  1106 | D:2      | Found an iron altar of Okawaru.
  1255 | D:2      | Learned a level 2 spell: Ensorcelled Hibernation
  1869 | D:2      | Reached XP level 3. HP: 14/14 MP: 7/7
  3285 | D:3      | Reached XP level 4. HP: 18/18 MP: 8/8
  4048 | D:3      | Reached skill level 1 in Ice Magic
  4162 | D:3      | Reached skill level 5 in Hexes
  4361 | D:3      | Reached XP level 5. HP: 11/21 MP: 4/9
  4907 | D:4      | Reached skill level 6 in Hexes
  5013 | D:4      | Found a staircase to the Ecumenical Temple.
  5044 | D:4      | Gained mutation: You are covered in thick fur. (AC +2)
                  | [Felid growth]
  5044 | D:4      | Reached XP level 6. HP: 24/24 MP: 0/10
  5156 | Temple   | Entered the Ecumenical Temple
  5262 | D:4      | Noticed Pikel
  5580 | D:4      | Found a basalt altar of Yredelemnul.
  5645 | D:4      | Found a white marble altar of Elyvilon.
  5811 | D:4      | Slain by Pikel
  5812 | D:4      | Reached XP level 5. HP: -2/21 MP: 6/9
  5812 | D:4      | Quit the game

Illustrated notes

Levels and vault maps discovered:
D:1:      roderic_octagonal_star, layout_basic
D:2:      layout_basic, nicolae_overflow_hidden_temple, fedhas_altar_3
D:3:      layout_basic, grunt_ministairs_6, bh_walls_and_bars
D:4:      layout_loops_cross, kennysheep_ying_yang, minmay_temple_entry_arrows,
          uniq_pikel
Temple:   corrupted_temple

Skill      XL: |  1  2  3  4  5 |
---------------+----------------+-----
Unarmed Combat | 2 3 4 |  4.0
Ice Magic      | 1 2 |  2.7
Hexes          | 5 6 |  6.5
Dodging        | |  2.6
Stealth        | |  4.0
Spellcasting   | |  2.0

Action                   |  1- 3 |  4- 6 || total
-------------------------+-------+-------++-------
Melee: Unarmed           |   102 |    62 ||   164
       Bite              |     3 |     5 ||     8
       Punch             |     3 |       ||     3
 Cast: Ensorcelled Hiber |    18 |    46 ||    64
 Stab: Sleeping          |    23 |    31 ||    54
       Distracted        |     1 |       ||     1
Armor: Skin              |     7 |     1 ||     8
Dodge: Dodged            |    74 |    54 ||   128
